 Dungeon Crawl Stone Soup version 0.23.0 (webtiles) character file.

Game seed: 9782007169003519164

43890 tidbits the Thaumaturge (level 14, -2/110 HPs)
             Began as a Gnoll Skald on Feb 12, 2019.
             Was the Champion of Cheibriados.
             Killed from afar by a naga ritualist (16 damage)
             ... with a lance of force
             ... on level 4 of the Snake Pit.
             The game lasted 01:09:21 (5313 turns).

tidbits the Thaumaturge (Gnoll Skald)               Turns: 5313, Time: 01:09:22

Health: -2/110     AC: 12    Str: 26    XL:     14   Next: 26%
Magic:  0/28       EV: 24    Int: 40    God:    Cheibriados [******]
Gold:   222        SH:  0    Dex: 25    Spells: 14/33 levels left

rFire    . . .     SeeInvis .   b - +7 dire flail "Killer Klown's Curse" {drain, +Inv MR+ Str-3 Stlth+}
rCold    . . .     Gourm    .   (shield currently unavailable)
rNeg     . . .     Faith    +   B - +0 ring mail
rPois    +         Spirit   .   E - +1 helmet
rElec    .         Reflect  .   (no cloak)
rCorr    .         Harm     .   G - +0 pair of gloves of the Locust {*Drain +Inv Regen+} (curse)
MR       +++..                  (no boots)
Stlth    +++++.....             i - amulet of faith
HPRegen  0.68/turn              V - +3 ring of evasion
MPRegen  0.21/turn              W - ring "Fuogaof" {Wiz rPois MR+ Int+5 Dex-5}

@: very slightly contaminated, very slow
A: distributed training, fangs 1, molten scales 1, subdued magic 1, strong nose
a: Bend Time, Temporal Distortion, Slouch, Step From Time, Renounce Religion,
Evoke Invisibility


You were on level 4 of the Snake Pit.
You worshipped Cheibriados.
Cheibriados was exalted by your worship.
You were not hungry.

You visited 4 branches of the dungeon, and saw 22 of its levels.

You collected 474 gold pieces.
You spent 252 gold pieces at shops.

Inventory:

Hand Weapons
 a - a +0 halberd
 b - the +7 dire flail "Killer Klown's Curse" (weapon) {drain, +Inv MR+ Str-3 Stlth+}
   (You found it on level 5 of the Dungeon)

   A truly terrible weapon, it drains the life of those it strikes.
   It affects your strength (-3).
   It affects your resistance to hostile enchantments.
   It lets you turn invisible.
   It makes you more stealthy.
 c - a +0 hand crossbow
 j - a +0 dagger
 o - a +0 blowgun
 w - a +0 war axe of electrocution
   (You found it on level 6 of the Dungeon)
 F - a +0 trident
 H - a +3 scimitar of flaming
   (You took it off Erica on level 8 of the Dungeon)
 P - a +0 glaive
 U - the cursed +0 long sword of Integrity {slice, rC+ MR+ Int+3 SInv, unknown}
   (You found it on level 10 of the Dungeon)

   It inflicts extra damage upon your enemies.
   It affects your intelligence (+3).
   It protects you from cold.
   It affects your resistance to hostile enchantments.
   It lets you see invisible.
   It has a curse placed upon it.
 X - a +0 broad axe
Missiles
 q - 65 bolts
 s - 108 arrows
 A - a throwing net (quivered) {!f}
 L - 20 poisoned needles
Armour
 g - a +2 robe of magic resistance
   (You took it off Erica on level 8 of the Dungeon)
 B - a +0 ring mail (worn)
 E - a +1 helmet (worn)
 G - the cursed +0 pair of gloves of the Locust (worn) {*Drain +Inv Regen+}
   (You found it on level 6 of the Dungeon)

   It lets you turn invisible.
   It increases your rate of regeneration.
   It causes draining when unequipped.
   It has a curse placed upon it.
Magical Staves
 z - an uncursed staff of fire
   (You found it on level 7 of the Dungeon)
Jewellery
 f - an uncursed ring of protection from fire
   (You found it on level 2 of the Dungeon)
 i - an amulet of faith (around neck)
   (You found it on level 3 of the Dungeon)
 n - an uncursed ring of flight
   (You found it on level 3 of the Dungeon)
 D - an uncursed ring of ice
   (You found it on level 7 of the Dungeon)
 I - a +4 amulet of reflection {unknown}
   (You found it on level 8 of the Dungeon)
 O - an uncursed amulet of the acrobat
   (You found it on level 2 of the Lair of Beasts)
 V - a +3 ring of evasion (left hand)
   (You found it on level 11 of the Dungeon)
 W - the ring "Fuogaof" (right hand) {Wiz rPois MR+ Int+5 Dex-5}
   (You found it on level 11 of the Dungeon)

   [ring of wizardry]

   It improves your spell success rate.
   It affects your intelligence (+5).
   It affects your dexterity (-5).
   It protects you from poison.
   It affects your resistance to hostile enchantments.
Wands
 y - a wand of disintegration (8)
 N - a wand of acid (11)
 R - a wand of polymorph (8)
 T - a wand of flame (45)
 Y - a wand of scattershot (3)
 Z - a wand of paralysis (24)
Scrolls
 e - a scroll of amnesia
 r - 6 scrolls of remove curse
 v - a scroll of random uselessness {unknown}
 J - 2 scrolls of teleportation {unknown}
 K - 2 scrolls of noise {!r}
 Q - a scroll of brand weapon {unknown}
Potions
 h - a potion of haste {unknown}
 k - 3 potions of curing
 l - a potion of ambrosia {unknown}
 m - 2 potions of agility
 p - 2 potions of flight {unknown}
 t - 4 potions of degeneration {unknown}
 u - a potion of magic {unknown}
 x - 5 potions of might
 C - 2 potions of mutation {!q}
 M - 3 potions of lignification
 S - a potion of cancellation
Comestibles
 d - 15 rations


   Skills:
 + Level 10.0 Fighting
 + Level 8.9 Short Blades
 + Level 8.9 Long Blades
 + Level 8.9 Axes
 + Level 8.9 Maces & Flails
 + Level 10.0 Polearms
 + Level 8.9 Staves
 + Level 8.9 Slings
 + Level 8.9 Bows
 + Level 8.9 Crossbows
 + Level 8.9 Throwing
 + Level 9.3 Armour
 + Level 10.0 Dodging
 + Level 8.9 Stealth
 + Level 8.9 Shields
 + Level 8.9 Unarmed Combat
 + Level 10.2 Spellcasting
 + Level 7.4 Conjurations
 + Level 7.4 Hexes
 + Level 9.3 Charms
 + Level 7.4 Summonings
 + Level 7.4 Necromancy
 + Level 7.4 Translocations
 + Level 7.4 Transmutations
 + Level 7.4 Fire Magic
 + Level 7.4 Ice Magic
 + Level 7.4 Air Magic
 + Level 7.4 Earth Magic
 + Level 7.4 Poison Magic
 + Level 9.7 Invocations
 + Level 8.9 Evocations


You had 14 spell levels left.
You knew the following spells:

 Your Spells              Type           Power        Failure   Level  Hunger
c - Conjure Flame         Conj/Fire      ######..     1%          3    None
g - Shroud of Golubria    Chrm/Tloc      ######....   1%          2    None
r - Regeneration          Chrm/Necr      ######....   1%          3    None
w - Spectral Weapon       Hex/Chrm       ######..     1%          3    None
y - Song of Slaying       Chrm           ######..     1%          2    None
C - Freezing Cloud        Conj/Ice/Air   ######....   6%          6    ####...

Your spell library contained the following spells:

 Spells                   Type           Power        Failure   Level  Hunger
 Infusion                 Chrm           ####         1%          1    None
 Poisonous Vapours        Pois/Air       ######       1%          2    None
 Mephitic Cloud           Conj/Pois/Air  ######..     1%          3    None
 Ring of Flames           Chrm/Fire      ######....   22%         7    #####..


Dungeon Overview and Level Annotations

Branches:
Dungeon (11/15)            Temple (1/1) D:4            Lair (6/6) D:10
  Snake (4/4) Lair:2        Slime (0/5) Lair:5
  Swamp: Lair:2-4    Shoals: Lair:2-4       Orc: D:9-12

Altars:
Ashenzari
Cheibriados
Dithmenos
Gozag
Hepliaklqana
Kikubaaqudgha
Makhleb
Okawaru
Qazlal
Ru
Sif Muna
Trog
Uskayaw
Vehumet
Wu Jian
Xom
Yredelemnul
Zin
The Shining One

Shops:
D:7 %?!   Snake:2 (

Annotations:
Lair:4 Josephine


Innate Abilities, Weirdness & Mutations

Your experience applies equally to all skills.
You have very sharp teeth.
Your uncanny sense of smell can sniff out nearby items.
You are partially covered in molten scales. (AC +2)
Your spells are a little easier to cast, but a little less powerful.


Message History

Unknown command.
You hit the anaconda but do no damage.
You bite the anaconda, but do no damage.
The anaconda is severely wounded.
The anaconda misses you. The anaconda constricts you.
The mana viper completely misses you. The black mamba bites you.
The mana viper bites you.
You feel your power leaking away.
You closely miss the anaconda. You bite the anaconda.
The anaconda is severely wounded.
The anaconda completely misses you. The anaconda constricts you.
The black mamba misses you. The mana viper misses you. The anaconda bites you.
The anaconda constricts you. The mana viper bites you.
Unknown command.
You impale the anaconda!!
You kill the anaconda!
Cheibriados thoroughly appreciates the change of pace.
The black mamba misses you. The mana viper completely misses you.
The mana viper bites you!
You feel your power leaking away. The black mamba misses you.
The mana viper barely misses you.
You closely miss the mana viper. The black mamba bites you!
* * * LOW HITPOINT WARNING * * *
The mana viper completely misses you. x2
The black mamba completely misses you.
Unknown command.
You barely miss the mana viper. Your bite misses the mana viper.
The mana viper bites you!
* * * LOW HITPOINT WARNING * * *
The black mamba completely misses you. The mana viper completely misses you.
Unknown command.
You bludgeon the mana viper!! Your bite misses the mana viper.
The mana viper is heavily wounded.
The mana viper completely misses you. The black mamba bites you!
* * * LOW HITPOINT WARNING * * *
The mana viper bites you!
* * * LOW HITPOINT WARNING * * *
The mana viper misses you.
The black mamba bites you but does no damage.
You feel better. The mana viper barely misses you.
The black mamba bites you but does no damage.
The mana viper closely misses you.
Unknown command.
Unknown command.
Evoke which item? (* to show all) (? for menu, Esc to quit)
Aiming: Scattershot
Press: ? - help, Shift-Dir - straight line, f - mana viper
Aim: a mana viper (heavily wounded)
The burst of metal fragments hits the mana viper!
The burst of metal fragments hits the black mamba!!
The burst of metal fragments hits the mana viper!
The burst of metal fragments hits the black mamba!
You kill the black mamba!
Cheibriados thoroughly appreciates the change of pace.
The burst of metal fragments hits the naga ritualist!
The burst of metal fragments hits the mana viper!
You kill the mana viper!
Cheibriados thoroughly appreciates the change of pace.
The burst of metal fragments hits the naga ritualist! x2
The burst of metal fragments hits the naga ritualist.
The naga ritualist is severely wounded.
The mana viper completely misses you.
Unknown command.
You closely miss the naga ritualist.
You bite the naga ritualist, but do no damage.
The naga ritualist is severely wounded.
The mana viper bites you!
* * * LOW HITPOINT WARNING * * *
You feel your power leaking away. The mana viper barely misses you.
Unknown command.
You feel better.
The naga ritualist points at you and mumbles some strange words.
You resist with almost no effort. The mana viper completely misses you.
Unknown command.
You hit the naga ritualist. Your bite misses the naga ritualist.
The naga ritualist is severely wounded.
The mana viper bites you but does no damage.
The naga ritualist spits poison at you. The splash of poison misses you.
You hit the naga ritualist but do no damage.
You drain the naga ritualist.
The naga ritualist is severely wounded.
The mana viper bites you.
* * * LOW HITPOINT WARNING * * *
The naga ritualist barely misses you. The naga ritualist misses you.
You closely miss the naga ritualist. You bite the naga ritualist.
The naga ritualist is severely wounded.
The mana viper misses you. x2
The naga ritualist casts a spell at you.
You resist with almost no effort.
You hit the naga ritualist. You drain the naga ritualist.
The naga ritualist is almost dead.
The mana viper bites you!
* * * LOW HITPOINT WARNING * * *
You feel your power leaking away.
You feel better.
The naga ritualist casts a spell at you.
The lance of force hits you!
You die...

#...# #.<.#
#...# ##..##
#...# ##...#
⌠ #...## ...
##†S.#
#....###)†@##
#...).)N##
#...⌠..(#
#.......#
#.⌠...⌠.#
#.......#
#...⌠...#
#.......#
...###...


You could see a naga ritualist and a mana viper.

Vanquished Creatures
  2 hydras
  4 naga warriors
  Erica (D:8)
  2 anacondas (Snake:4)
  A centaur warrior (D:8)
  12 death yaks (Lair:3)
  An unseen horror (D:10)
  2 naga ritualists
  Pikel (D:8)
  A deep elf mage (D:8)
  3 mana vipers
  An ugly thing (D:9)
  A centaur zombie (D:10)
  2 salamanders (Snake:1)
  3 elephants (Lair:3)
  Joseph (D:9)
  12 black mambas
  2 naga magi
  9 spiny frogs
  2 centaur skeletons
  A rime drake (Lair:2)
  5 komodo dragons
  2 polar bears
  Grinder (D:3)
  4 blink frogs (Lair:2)
  6 hippogriffs
  Sigmund (D:2)
  25 yaks
  A human (D:7)
  A wyvern (Lair:4)
  4 hogs (D:7)
  7 nagas
  5 porcupines
  9 water moccasins
  5 orc warriors
  2 ice beasts (D:8)
  A black bear (D:8)
  2 phantoms
  2 necrophages (Lair:2)
  9 wolves (Lair:3)
  6 ogres
  5 centaurs
  11 crocodiles
  A big kobold (D:7)
  5 bullfrogs
  A water moccasin zombie (D:9)
  2 scorpions
  A wyvern skeleton (D:8)
  A killer bee (D:8)
  2 howler monkeys
  5 wights (D:11)
  An electric eel (Lair:3)
  3 crimson imps
  A bullfrog zombie (D:5)
  5 hounds
  A jelly (D:10)
  A quasit (D:9)
  3 bullfrog skeletons
  3 orc priests (D:8)
  2 iguanas
  8 orc wizards
  3 worker ants
  A howler monkey zombie (D:10)
  2 worker ant zombies
  Robin (D:4)
  14 adders
  6 gnolls
  2 howler monkey skeletons (D:8)
  An ooze (D:4)
  4 adder skeletons
  An adder zombie (D:7)
  A worm (D:2)
  3 leopard geckos
  21 orcs
  3 bats
  4 giant cockroaches
  4 hobgoblins
  2 jackals (D:7)
  7 kobolds
  7 quokkas
  2 ball pythons
  6 frilled lizards
  13 goblins
  A jackal skeleton (D:4)
  A quokka skeleton (D:9)
  4 rats
  2 fungi (Lair:2)
  2 plants (Lair:2)
  A spectral weapon (Lair:3)
343 creatures vanquished.

Vanquished Creatures (others)
  A centaur (D:7)
  A killer bee (D:8)
  7 fungi
  6 plants (Lair:3)
  8 spectral weapons
23 creatures vanquished.

Grand Total: 366 creatures vanquished

Notes
Turn   | Place    | Note
-------+----------+-------------------------------------------
     0 | D:1      | tidbits the Gnoll Skald began the quest for the Orb.
     0 | D:1      | Reached XP level 1. HP: 20/20 MP: 6/6
   134 | D:2      | Reached XP level 2. HP: 23/26 MP: 2/7
   138 | D:2      | Learned a level 2 spell: Song of Slaying
   141 | D:2      | Learned a level 2 spell: Shroud of Golubria
   181 | D:2      | Noticed Sigmund
   240 | D:2      | Reached XP level 3. HP: 25/31 MP: 2/9
   245 | D:2      | Learned a level 3 spell: Spectral Weapon
   252 | D:2      | Learned a level 3 spell: Regeneration
   297 | D:3      | Reached skill level 5 in Spellcasting
   374 | D:3      | Reached skill level 1 in Invocations
   456 | D:3      | Reached skill level 1 in Short Blades
   456 | D:3      | Reached skill level 1 in Long Blades
   456 | D:3      | Reached skill level 1 in Axes
   456 | D:3      | Reached skill level 1 in Maces & Flails
   456 | D:3      | Reached skill level 1 in Staves
   456 | D:3      | Reached skill level 1 in Slings
   456 | D:3      | Reached skill level 1 in Bows
   456 | D:3      | Reached skill level 1 in Crossbows
   456 | D:3      | Reached skill level 1 in Throwing
   456 | D:3      | Reached skill level 1 in Stealth
   456 | D:3      | Reached skill level 1 in Shields
   456 | D:3      | Reached skill level 1 in Unarmed Combat
   456 | D:3      | Reached skill level 1 in Evocations
   577 | D:2      | Reached XP level 4. HP: 36/38 MP: 6/11
   661 | D:2      | Killed Sigmund
   661 | D:2      | Reached skill level 3 in Armour
   661 | D:2      | Reached skill level 1 in Conjurations
   661 | D:2      | Reached skill level 1 in Hexes
   661 | D:2      | Reached skill level 1 in Summonings
   661 | D:2      | Reached skill level 1 in Necromancy
   661 | D:2      | Reached skill level 1 in Translocations
   661 | D:2      | Reached skill level 1 in Transmutations
   661 | D:2      | Reached skill level 1 in Fire Magic
   661 | D:2      | Reached skill level 1 in Ice Magic
   661 | D:2      | Reached skill level 1 in Air Magic
   661 | D:2      | Reached skill level 1 in Earth Magic
   661 | D:2      | Reached skill level 1 in Poison Magic
   661 | D:2      | Reached XP level 5. HP: 25/43 MP: 2/12
   661 | D:2      | Reached XP level 6. HP: 29/50 MP: 2/13
   676 | D:2      | Found a shadowy altar of Dithmenos.
   783 | D:3      | Noticed Grinder
   792 | D:3      | Killed Grinder
   792 | D:3      | Reached skill level 5 in Fighting
   792 | D:3      | Reached skill level 2 in Short Blades
   792 | D:3      | Reached skill level 2 in Long Blades
   792 | D:3      | Reached skill level 2 in Axes
   792 | D:3      | Reached skill level 2 in Maces & Flails
   792 | D:3      | Reached skill level 5 in Polearms
   792 | D:3      | Reached skill level 2 in Staves
   792 | D:3      | Reached skill level 2 in Slings
   792 | D:3      | Reached skill level 2 in Bows
   792 | D:3      | Reached skill level 2 in Crossbows
   792 | D:3      | Reached skill level 2 in Throwing
   792 | D:3      | Reached skill level 5 in Dodging
   792 | D:3      | Reached skill level 2 in Stealth
   792 | D:3      | Reached skill level 2 in Shields
   792 | D:3      | Reached skill level 2 in Unarmed Combat
   792 | D:3      | Reached skill level 2 in Invocations
   792 | D:3      | Reached skill level 2 in Evocations
   823 | D:3      | Reached XP level 7. HP: 49/56 MP: 5/15
   948 | D:5      | Entered Level 5 of the Dungeon
  1050 | D:4      | Noticed Robin
  1072 | D:4      | Killed Robin
  1209 | D:4      | Found a staircase to the Ecumenical Temple.
  1218 | Temple   | Entered the Ecumenical Temple
  1337 | Temple   | Became a worshipper of Cheibriados the Contemplative
  1426 | D:5      | Got a jewelled dire flail
  1427 | D:5      | Identified the +7 dire flail "Killer Klown's Curse" {drain,
                  | +Inv MR+ Str-3 Stlth+} (You found it on level 5 of the
                  | Dungeon)
  1478 | D:5      | Reached skill level 2 in Conjurations
  1478 | D:5      | Reached skill level 2 in Hexes
  1478 | D:5      | Reached skill level 2 in Summonings
  1478 | D:5      | Reached skill level 2 in Necromancy
  1478 | D:5      | Reached skill level 2 in Translocations
  1478 | D:5      | Reached skill level 2 in Transmutations
  1478 | D:5      | Reached skill level 2 in Fire Magic
  1478 | D:5      | Reached skill level 2 in Ice Magic
  1478 | D:5      | Reached skill level 2 in Air Magic
  1478 | D:5      | Reached skill level 2 in Earth Magic
  1478 | D:5      | Reached skill level 2 in Poison Magic
  1518 | D:5      | Gained mutation: Armour fits poorly on your strangely
                  | shaped body. [potion of mutation]
  1518 | D:5      | Gained mutation: You evolve. [potion of mutation]
  1518 | D:5      | Gained mutation: You occasionally shout uncontrollably at
                  | your foes. [potion of mutation]
  1518 | D:5      | Gained mutation: Your mind is acute. (Int +2) [potion of
                  | mutation]
  1631 | D:5      | Lost mutation: You evolve. [potion of mutation]
  1631 | D:5      | Lost mutation: Your mind is acute. (Int +2) [potion of
                  | mutation]
  1631 | D:5      | Lost mutation: Armour fits poorly on your strangely shaped
                  | body. [potion of mutation]
  1631 | D:5      | Lost mutation: You occasionally shout uncontrollably at
                  | your foes. [potion of mutation]
  1631 | D:5      | Gained mutation: Your spells are a little easier to cast,
                  | but a little less powerful. [potion of mutation]
  1631 | D:5      | Gained mutation: You are partially covered in molten
                  | scales. (AC +2) [potion of mutation]
  1634 | D:5      | Reached skill level 3 in Invocations
  1717 | D:5      | Reached XP level 8. HP: 62/63 MP: 10/16
  1725 | D:6      | Reached skill level 6 in Charms
  1737 | D:6      | Got a pair of pitted gloves
  1743 | D:6      | Identified the cursed +0 pair of gloves of the Locust
                  | {*Drain +Inv Regen+} (You found it on level 6 of the
                  | Dungeon)
  1778 | D:7      | Found Dod Tujiena's Food Shoppe.
  1793 | D:7      | Reached * piety under Cheibriados
  1844 | D:7      | Reached skill level 3 in Short Blades
  1844 | D:7      | Reached skill level 3 in Long Blades
  1844 | D:7      | Reached skill level 3 in Axes
  1844 | D:7      | Reached skill level 3 in Maces & Flails
  1844 | D:7      | Reached skill level 3 in Staves
  1844 | D:7      | Reached skill level 3 in Slings
  1844 | D:7      | Reached skill level 3 in Bows
  1844 | D:7      | Reached skill level 3 in Crossbows
  1844 | D:7      | Reached skill level 3 in Throwing
  1844 | D:7      | Reached skill level 4 in Armour
  1844 | D:7      | Reached skill level 3 in Stealth
  1844 | D:7      | Reached skill level 3 in Shields
  1844 | D:7      | Reached skill level 3 in Unarmed Combat
  1844 | D:7      | Reached skill level 3 in Evocations
  1924 | D:7      | Reached skill level 6 in Spellcasting
  2130 | D:7      | Found Faghem's Magic Scroll Boutique.
  2183 | D:7      | Reached skill level 3 in Conjurations
  2183 | D:7      | Reached skill level 3 in Hexes
  2183 | D:7      | Reached skill level 3 in Summonings
  2183 | D:7      | Reached skill level 3 in Necromancy
  2183 | D:7      | Reached skill level 3 in Translocations
  2183 | D:7      | Reached skill level 3 in Transmutations
  2183 | D:7      | Reached skill level 3 in Fire Magic
  2183 | D:7      | Reached skill level 3 in Ice Magic
  2183 | D:7      | Reached skill level 3 in Air Magic
  2183 | D:7      | Reached skill level 3 in Earth Magic
  2183 | D:7      | Reached skill level 3 in Poison Magic
  2183 | D:7      | Reached skill level 4 in Invocations
  2192 | D:7      | Reached ** piety under Cheibriados
  2192 | D:7      | Reached skill level 6 in Fighting
  2192 | D:7      | Reached skill level 6 in Polearms
  2192 | D:7      | Reached skill level 6 in Dodging
  2192 | D:7      | Reached XP level 9. HP: 65/69 MP: 12/18
  2203 | D:7      | Reached skill level 4 in Short Blades
  2203 | D:7      | Reached skill level 4 in Long Blades
  2203 | D:7      | Reached skill level 4 in Axes
  2203 | D:7      | Reached skill level 4 in Maces & Flails
  2203 | D:7      | Reached skill level 4 in Staves
  2203 | D:7      | Reached skill level 4 in Slings
  2203 | D:7      | Reached skill level 4 in Bows
  2203 | D:7      | Reached skill level 4 in Crossbows
  2203 | D:7      | Reached skill level 4 in Throwing
  2203 | D:7      | Reached skill level 4 in Stealth
  2203 | D:7      | Reached skill level 4 in Shields
  2203 | D:7      | Reached skill level 4 in Unarmed Combat
  2203 | D:7      | Reached skill level 4 in Evocations
  2215 | D:7      | Reached skill level 5 in Armour
  2386 | D:7      | Found Hien's Distillery.
  2401 | D:7      | Bought a potion of lignification for 36 gold pieces
  2401 | D:7      | Bought a potion of heal wounds for 60 gold pieces
  2401 | D:7      | Bought a potion of heal wounds for 60 gold pieces
  2401 | D:7      | Bought 2 potions of might for 96 gold pieces
  2407 | D:7      | Found a burning altar of Makhleb.
  2410 | D:7      | Reached *** piety under Cheibriados
  2492 | D:8      | Noticed a centaur warrior
  2514 | D:8      | Noticed Erica
  2528 | D:8      | Reached skill level 5 in Invocations
  2556 | D:8      | Reached XP level 10. HP: 75/77 MP: 12/20
  2560 | D:8      | Reached skill level 7 in Spellcasting
  2633 | D:8      | Reached skill level 4 in Conjurations
  2633 | D:8      | Reached skill level 4 in Hexes
  2633 | D:8      | Reached skill level 4 in Summonings
  2633 | D:8      | Reached skill level 4 in Necromancy
  2633 | D:8      | Reached skill level 4 in Translocations
  2633 | D:8      | Reached skill level 4 in Transmutations
  2633 | D:8      | Reached skill level 4 in Fire Magic
  2633 | D:8      | Reached skill level 4 in Ice Magic
  2633 | D:8      | Reached skill level 4 in Air Magic
  2633 | D:8      | Reached skill level 4 in Earth Magic
  2633 | D:8      | Reached skill level 4 in Poison Magic
  2705 | D:8      | Noticed a deep elf mage
  2712 | D:8      | HP: 13/77 [centaur warrior/arrow (10)]
  2713 | D:8      | HP: 5/77 [centaur warrior/arrow (9)]
  2724 | D:8      | Killed a centaur warrior
  2724 | D:8      | Reached skill level 5 in Short Blades
  2724 | D:8      | Reached skill level 5 in Long Blades
  2724 | D:8      | Reached skill level 5 in Axes
  2724 | D:8      | Reached skill level 5 in Maces & Flails
  2724 | D:8      | Reached skill level 5 in Staves
  2724 | D:8      | Reached skill level 5 in Slings
  2724 | D:8      | Reached skill level 5 in Bows
  2724 | D:8      | Reached skill level 5 in Crossbows
  2724 | D:8      | Reached skill level 5 in Throwing
  2724 | D:8      | Reached skill level 5 in Stealth
  2724 | D:8      | Reached skill level 5 in Shields
  2724 | D:8      | Reached skill level 5 in Unarmed Combat
  2724 | D:8      | Reached skill level 5 in Evocations
  2727 | D:8      | Killed a deep elf mage
  2727 | D:8      | Reached skill level 7 in Fighting
  2727 | D:8      | Reached skill level 7 in Polearms
  2727 | D:8      | Reached skill level 7 in Dodging
  2727 | D:8      | Reached skill level 7 in Charms
  2736 | D:8      | Killed Erica
  2754 | D:8      | Identified the cursed +0 hand axe of the Crawling Thing
                  | {freeze, MP+9}
  2760 | D:8      | Reached **** piety under Cheibriados
  2838 | D:8      | Noticed Pikel
  2848 | D:8      | Killed Pikel
  2848 | D:8      | Reached skill level 6 in Armour
  2848 | D:8      | Reached skill level 6 in Invocations
  3014 | D:9      | Noticed a red ugly thing
  3027 | D:9      | Killed a red ugly thing
  3051 | D:10     | Entered Level 10 of the Dungeon
  3060 | D:10     | Reached XP level 11. HP: 81/84 MP: 18/22
  3223 | D:10     | Killed an unseen horror
  3223 | D:10     | Reached skill level 6 in Short Blades
  3223 | D:10     | Reached skill level 6 in Long Blades
  3223 | D:10     | Reached skill level 6 in Axes
  3223 | D:10     | Reached skill level 6 in Maces & Flails
  3223 | D:10     | Reached skill level 6 in Staves
  3223 | D:10     | Reached skill level 6 in Slings
  3223 | D:10     | Reached skill level 6 in Bows
  3223 | D:10     | Reached skill level 6 in Crossbows
  3223 | D:10     | Reached skill level 6 in Throwing
  3223 | D:10     | Reached skill level 6 in Stealth
  3223 | D:10     | Reached skill level 6 in Shields
  3223 | D:10     | Reached skill level 6 in Unarmed Combat
  3223 | D:10     | Reached skill level 5 in Conjurations
  3223 | D:10     | Reached skill level 5 in Hexes
  3223 | D:10     | Reached skill level 5 in Summonings
  3223 | D:10     | Reached skill level 5 in Necromancy
  3223 | D:10     | Reached skill level 5 in Translocations
  3223 | D:10     | Reached skill level 5 in Transmutations
  3223 | D:10     | Reached skill level 5 in Fire Magic
  3223 | D:10     | Reached skill level 5 in Ice Magic
  3223 | D:10     | Reached skill level 5 in Air Magic
  3223 | D:10     | Reached skill level 5 in Earth Magic
  3223 | D:10     | Reached skill level 5 in Poison Magic
  3223 | D:10     | Reached skill level 6 in Evocations
  3325 | D:10     | Reached ***** piety under Cheibriados
  3345 | D:10     | Reached skill level 8 in Spellcasting
  3367 | D:9      | Noticed Joseph
  3378 | D:9      | Killed Joseph
  3414 | D:10     | Got a jewelled long sword
  3573 | D:11     | Got a warped steel ring
  3575 | D:11     | Identified the ring "Fuogaof" {Wiz rPois MR+ Int+5 Dex-5}
                  | (You found it on level 11 of the Dungeon)
  3623 | D:10     | Found a staircase to the Lair.
  3634 | Lair:1   | Entered Level 1 of the Lair of Beasts
  3662 | Lair:1   | Reached skill level 7 in Invocations
  3716 | Lair:2   | Reached skill level 8 in Fighting
  3716 | Lair:2   | Reached skill level 8 in Polearms
  3716 | Lair:2   | Reached skill level 7 in Armour
  3716 | Lair:2   | Reached skill level 8 in Dodging
  3760 | Lair:2   | HP: 7/86 [blink frog (13)]
  3858 | Lair:2   | Learned a level 3 spell: Conjure Flame
  3874 | Lair:2   | Found a staircase to the Snake Pit.
  3889 | Lair:2   | Reached XP level 12. HP: 81/93 MP: 18/24
  3905 | Snake:1  | Entered Level 1 of the Snake Pit
  3905 | Snake:1  | Noticed a naga warrior
  3908 | Snake:1  | Reached ****** piety under Cheibriados
  3913 | Snake:1  | HP: 6/93 [salamander/+0 halberd (15)]
  3942 | Lair:2   | Reached skill level 8 in Charms
  3957 | Lair:3   | Noticed a death yak
  3960 | Lair:3   | Noticed a death yak
  4065 | Lair:2   | Reached skill level 7 in Short Blades
  4065 | Lair:2   | Reached skill level 7 in Long Blades
  4065 | Lair:2   | Reached skill level 7 in Axes
  4065 | Lair:2   | Reached skill level 7 in Maces & Flails
  4065 | Lair:2   | Reached skill level 7 in Staves
  4065 | Lair:2   | Reached skill level 7 in Slings
  4065 | Lair:2   | Reached skill level 7 in Bows
  4065 | Lair:2   | Reached skill level 7 in Crossbows
  4065 | Lair:2   | Reached skill level 7 in Throwing
  4065 | Lair:2   | Reached skill level 7 in Stealth
  4065 | Lair:2   | Reached skill level 7 in Shields
  4065 | Lair:2   | Reached skill level 7 in Unarmed Combat
  4065 | Lair:2   | Reached skill level 7 in Evocations
  4254 | Lair:4   | Reached skill level 6 in Conjurations
  4254 | Lair:4   | Reached skill level 6 in Hexes
  4254 | Lair:4   | Reached skill level 6 in Summonings
  4254 | Lair:4   | Reached skill level 6 in Necromancy
  4254 | Lair:4   | Reached skill level 6 in Translocations
  4254 | Lair:4   | Reached skill level 6 in Transmutations
  4254 | Lair:4   | Reached skill level 6 in Fire Magic
  4254 | Lair:4   | Reached skill level 6 in Ice Magic
  4254 | Lair:4   | Reached skill level 6 in Air Magic
  4254 | Lair:4   | Reached skill level 6 in Earth Magic
  4254 | Lair:4   | Reached skill level 6 in Poison Magic
  4261 | Lair:5   | Found a staircase to the Slime Pits.
  4279 | Lair:5   | Noticed a six-headed hydra
  4286 | Lair:5   | Killed a six-headed hydra
  4286 | Lair:5   | Reached skill level 8 in Invocations
  4300 | Lair:5   | Reached skill level 9 in Spellcasting
  4323 | Lair:6   | Entered Level 6 of the Lair of Beasts
  4488 | Lair:3   | Noticed a death yak
  4490 | Lair:3   | Noticed a death yak
  4492 | Lair:3   | Noticed a death yak
  4493 | Lair:3   | Noticed a death yak
  4495 | Lair:3   | Killed a death yak
  4495 | Lair:3   | Noticed a death yak
  4497 | Lair:3   | Noticed a death yak
  4502 | Lair:3   | Killed a death yak
  4502 | Lair:3   | Reached skill level 8 in Armour
  4506 | Lair:3   | Killed a death yak
  4506 | Lair:3   | Killed a death yak
  4506 | Lair:3   | Reached skill level 9 in Fighting
  4506 | Lair:3   | Reached skill level 9 in Polearms
  4506 | Lair:3   | Reached skill level 9 in Dodging
  4507 | Lair:3   | Killed a death yak
  4507 | Lair:3   | Reached XP level 13. HP: 24/101 MP: 0/26
  4507 | Lair:3   | HP: 11/101 [death yak (13)]
  4517 | Lair:3   | Learned a level 6 spell: Freezing Cloud
  4539 | Lair:3   | HP: 19/101 [five-headed hydra (14)]
  4618 | Lair:3   | Reached skill level 8 in Short Blades
  4618 | Lair:3   | Reached skill level 8 in Long Blades
  4618 | Lair:3   | Reached skill level 8 in Axes
  4618 | Lair:3   | Reached skill level 8 in Maces & Flails
  4618 | Lair:3   | Reached skill level 8 in Staves
  4618 | Lair:3   | Reached skill level 8 in Slings
  4618 | Lair:3   | Reached skill level 8 in Bows
  4618 | Lair:3   | Reached skill level 8 in Crossbows
  4618 | Lair:3   | Reached skill level 8 in Throwing
  4618 | Lair:3   | Reached skill level 8 in Stealth
  4618 | Lair:3   | Reached skill level 8 in Shields
  4618 | Lair:3   | Reached skill level 8 in Unarmed Combat
  4618 | Lair:3   | Reached skill level 8 in Evocations
  4662 | Lair:3   | Reached skill level 9 in Invocations
  4735 | Lair:4   | Noticed Josephine
  5009 | Snake:1  | Reached skill level 7 in Conjurations
  5009 | Snake:1  | Reached skill level 7 in Hexes
  5009 | Snake:1  | Reached skill level 9 in Charms
  5009 | Snake:1  | Reached skill level 7 in Summonings
  5009 | Snake:1  | Reached skill level 7 in Necromancy
  5009 | Snake:1  | Reached skill level 7 in Translocations
  5009 | Snake:1  | Reached skill level 7 in Transmutations
  5009 | Snake:1  | Reached skill level 7 in Fire Magic
  5009 | Snake:1  | Reached skill level 7 in Ice Magic
  5009 | Snake:1  | Reached skill level 7 in Air Magic
  5009 | Snake:1  | Reached skill level 7 in Earth Magic
  5009 | Snake:1  | Reached skill level 7 in Poison Magic
  5066 | Snake:1  | Reached skill level 9 in Armour
  5112 | Snake:2  | Found Hadathac's Weapon Emporium.
  5181 | Snake:2  | Reached skill level 10 in Spellcasting
  5223 | Snake:4  | Entered Level 4 of the Snake Pit
  5239 | Snake:4  | Reached XP level 14. HP: 80/109 MP: 14/28
  5276 | Snake:4  | Reached skill level 10 in Fighting
  5276 | Snake:4  | Reached skill level 10 in Polearms
  5276 | Snake:4  | Reached skill level 10 in Dodging
  5304 | Snake:4  | HP: 22/110 [black mamba (11)]
  5307 | Snake:4  | HP: 10/110 [mana viper (12)]
  5312 | Snake:4  | HP: 4/110 [mana viper (17)]
  5313 | Snake:4  | Killed from afar by a naga ritualist

Skill      XL: |  1  2  3  4  5  6  7  8  9 10 11 12 13 14 |
---------------+-------------------------------------------+-----
Spellcasting   | 5 6 7 8 9 10 | 10.2
Invocations    | 1 2 3 4 5 6 7 8 9 |  9.7
Short Blades   | 1 2 3 4 5 6 7 8 |  8.9
Long Blades    | 1 2 3 4 5 6 7 8 |  8.9
Axes           | 1 2 3 4 5 6 7 8 |  8.9
Maces & Flails | 1 2 3 4 5 6 7 8 |  8.9
Staves         | 1 2 3 4 5 6 7 8 |  8.9
Slings         | 1 2 3 4 5 6 7 8 |  8.9
Bows           | 1 2 3 4 5 6 7 8 |  8.9
Crossbows      | 1 2 3 4 5 6 7 8 |  8.9
Throwing       | 1 2 3 4 5 6 7 8 |  8.9
Stealth        | 1 2 3 4 5 6 7 8 |  8.9
Shields        | 1 2 3 4 5 6 7 8 |  8.9
Unarmed Combat | 1 2 3 4 5 6 7 8 |  8.9
Evocations     | 1 2 3 4 5 6 7 8 |  8.9
Armour         | 3 4 5 6 7 8 9 |  9.3
Conjurations   | 1 2 3 4 5 6 7 |  7.4
Hexes          | 1 2 3 4 5 6 7 |  7.4
Summonings     | 1 2 3 4 5 6 7 |  7.4
Necromancy     | 1 2 3 4 5 6 7 |  7.4
Translocations | 1 2 3 4 5 6 7 |  7.4
Transmutations | 1 2 3 4 5 6 7 |  7.4
Fire Magic     | 1 2 3 4 5 6 7 |  7.4
Ice Magic      | 1 2 3 4 5 6 7 |  7.4
Air Magic      | 1 2 3 4 5 6 7 |  7.4
Earth Magic    | 1 2 3 4 5 6 7 |  7.4
Poison Magic   | 1 2 3 4 5 6 7 |  7.4
Fighting       | 5 6 7 8 9 10 | 10.0
Polearms       | 5 6 7 8 9 10 | 10.0
Dodging        | 5 6 7 8 9 10 | 10.0
Charms         | 6 7 8 9 |  9.3

Action                   |  1- 3 |  4- 6 |  7- 9 | 10-12 | 13-15 || total
-------------------------+-------+-------+-------+-------+-------++-------
Melee: Spear             |    82 |    27 |    55 |       |       ||   164
       Bite              |     5 |     3 |    15 |    67 |    42 ||   132
       Dire flail        |       |       |   111 |    29 |    95 ||   235
       Punch             |       |       |     2 |     5 |       ||     7
       Halberd           |       |       |    23 |   235 |    64 ||   322
       War axe           |       |       |       |    69 |     8 ||    77
 Fire: Blowgun           |       |       |     4 |       |       ||     4
       Hand crossbow     |       |       |     3 |     2 |    14 ||    19
Throw: Stone             |       |     1 |    22 |     5 |       ||    28
 Cast: Infusion          |     6 |       |       |       |       ||     6
       Spectral Weapon   |     7 |     5 |    31 |    62 |    22 ||   127
       Shroud of Golubri |       |     1 |     5 |    13 |     3 ||    22
       Regeneration      |       |       |     7 |    13 |     9 ||    29
       Song of Slaying   |       |       |     2 |     1 |       ||     3
       Conjure Flame     |       |       |       |     7 |     5 ||    12
       Freezing Cloud    |       |       |       |       |     6 ||     6
Invok: Bend Time         |       |       |       |     1 |       ||     1
       Slouch            |       |       |       |     2 |       ||     2
       Step From Time    |       |       |       |     1 |       ||     1
 Abil: Evoke Invisibilit |       |       |     1 |     2 |     1 ||     4
Evoke: Wand              |       |       |       |     9 |     4 ||    13
  Use: Scroll            |     3 |       |     3 |     5 |     5 ||    16
       Potion            |       |     1 |     2 |     5 |     3 ||    11
 Stab: Sleeping          |     1 |     2 |     8 |    10 |     3 ||    24
       Distracted        |       |       |     4 |     4 |     7 ||    15
       Invisible         |       |       |     3 |     5 |     7 ||    15
       Paralysed         |       |       |       |     2 |       ||     2
  Eat: Ration            |     1 |       |     2 |     3 |       ||     6
Armor: Leather armour    |     8 |     7 |       |       |       ||    15
       Ring mail         |       |       |    49 |    61 |    30 ||   140
Dodge: Dodged            |    39 |    11 |   120 |   326 |   192 ||   688

Table legend:
 A = Turns spent in this place as a percentage of turns spent in the entire game.
 B = Non-inter-level travel turns spent in this place as a percentage of non-inter-level travel turns spent in the entire game.
 C = Inter-level travel turns spent in this place as a percentage of turns spent in this place.
 D = Turns resting spent in this place as a percentage of non-inter-level travel turns spent in this place.
 E = Turns spent auto-exploring this place as a percentage of non-inter-level travel turns spent in this place.
 F = Non-inter-level travel turns spent in this place divided by the number of levels of this place that you've seen.
                   A       B       C       D       E      F
               +-------+-------+-------+-------+-------+----------------------
         Total | 100.0 | 100.0 |   0.8 |   0.0 |   0.0 | 239.5
       Dungeon |  65.5 |  65.4 |   1.0 |   0.0 |   0.0 | 313.2
        Temple |   2.9 |   2.7 |   7.1 |   0.0 |   0.0 | 144.0
          Lair |  25.2 |  25.4 |   0.0 |   0.0 |   0.0 | 223.0
     Snake Pit |   6.4 |   6.5 |   0.0 |   0.0 |   0.0 |  85.2
               +-------+-------+-------+-------+-------+----------------------

Table legend:
 A = Kills in this place as a percentage of kills in entire the game.
 B = Kills by you in this place as a percentage of kills by you in the entire game.
 C = Kills by friends in this place as a percentage of kills by friends in the entire game.
 D = Other kills in this place as a percentage of other kills in the entire game.
 E = Experience gained in this place as a percentage of experience gained in the entire game.
 F = Experience gained in this place divided by the number of levels of this place that you have seen.
                   A       B       C       D       E      F
               +-------+-------+-------+-------+-------+----------------------
         Total | 100.0 | 100.0 |   N/A | 100.0 | 100.0 | 2850.0
       Dungeon |  59.0 |  58.9 |   N/A | 100.0 |  21.9 | 1248.3
          Lair |  31.3 |  31.4 |   N/A |   0.0 |  51.1 | 5345.2
     Snake Pit |   9.7 |   9.8 |   N/A |   0.0 |  27.0 | 4224.8
               +-------+-------+-------+-------+-------+----------------------

Levels and vault maps discovered:
D:1:      nicolae_arrival_washed_ashore, layout_rooms
D:2:      layout_loops_ring, nicolae_dithmenos_through_a_glass_darkly,
          uniq_sigmund
D:3:      layout_loops_ring, uniq_grinder
D:4:      layout_loops_ring, lemuel_temple_firewalk_a, first_ration, uniq_robin
D:5:      layout_cave_pods
D:6:      layout_cave_pools
D:7:      layout_cave_pools, serial_shops, shop, shop, nicolae_shop_trees,
          st_stairs_7, grunt_livestock, grunt_decor_resistance,
          kennysheep_flooded_box, kennysheep_donut
D:8:      cheibrodos_fzero, layout_loops_ring, nemelex_lonely_heart_becter,
          uniq_pikel, uniq_erica
D:9:      layout_irregular_city, minitemple, basic_altar, serial_shops,
          shop_statue, uniq_joseph, uniq_erolcha, uniq_maurice
D:10:     wad_river_or_something, layout_small_grid,
          grunt_lair_entry_orc_guard_hut, minivault_22
D:11:     layout_irregular_city, erik_orc_1, uniq_fannar
Temple:   dpeg_five_rooms_temple
Lair:1:   layout_hall_layers, beast_lair_carwin_1
Lair:2:   layout_regular_city, minmay_snake_entry_six_corridors,
          roderic_carrion_pond
Lair:3:   layout_chaotic_city, serial_bayou_shore_a
Lair:4:   layout_long_grid, skrybe_swamp_entry_bodies, uniq_josephine
Lair:5:   layout_cave_pods, slime_dummy
Lair:6:   minmay_lair_end_enchanted_forest, layout_hall_layers,
          lemuel_fruit_tree
Snake:1:  layout_layer_cave, basic_altar
Snake:2:  layout_gridlike, serial_shops, shop, serial_bayou_shore_b
Snake:3:  layout_grid_maze, uniq_vashnia
Snake:4:  grunt_snake_rune_serpentine_throne, layout_onion_interference,
          serial_shops, shop, minmay_shop_grove, grunt_megastairs_4
